 Dungeon Crawl Stone Soup version 0.30-a0-881-g1ff12e1e11 (webtiles) character file.

Game seed: 11491388227066629782

237 Mickster the Cutter (level 5, -1/41 HPs)
             Began as a Vampire Fighter on Mar 14, 2023.
             Killed by nerve-wracking pain
             ... invoked by an orc priest
              (6 damage)
             ... on level 3 of the Dungeon.
             The game lasted 00:17:11 (1867 turns).

Mickster the Cutter (Vampire Fighter)               Turns: 1867, Time: 00:17:14

Health: -1/41      AC:  9    Str: 17    XL:     5   Next: 77%
Magic:  5/5        EV: 12    Int: 11    God:
Gold:   91         SH:  5    Dex: 13    Spells: 3/4 levels left

rFire   . . .      SeeInvis +    a - +0 rapier
rCold   . . .      Faith    .    c - +0 buckler
rNeg    . . .      Spirit   .    k - +0 chain mail
rPois   .          Reflect  .    (no helmet)
rElec   .          Rampage  .    (no cloak)
rCorr   .                        (no gloves)
Will    .....                    (no boots) Stlth
                                 (no amulet)
HPRegen 0.46/turn                j - +5 ring of evasion
MPRegen 0.09/turn                (no ring)

@: mighty, healing quickly
A: alive, fangs 3, see invisible, vampiric 2
a: Exsanguinate


You were on level 3 of the Dungeon.
You visited 1 branch of the dungeon, and saw 3 of its levels.

You collected 91 gold pieces.

Inventory:

Hand Weapons
 a - a +0 rapier (weapon)
Missiles
 f - 12 stones
Armour
 b - a +0 scale mail
 c - a +0 buckler (worn)
 k - a +0 chain mail (worn)
Jewellery
 j - a +5 ring of evasion (left hand)
Scrolls
 e - 2 scrolls of identify
 g - a scroll of teleportation


   Skills:
 + Level 3.4 Fighting
 * Level 4.6 Short Blades
 + Level 3.2 Armour
 + Level 1.1 Dodging
 + Level 0.5 Stealth
 + Level 3.3 Shields


You had 3 spell levels left.
You knew the following spells:

 Your Spells              Type           Power      Damage    Failure   Level
a - Kiss of Death         Conj/Necr      0%         2d5       100%        1

Your spell library contained the following spells:

 Spells                   Type           Power      Damage    Failure   Level
 Confusing Touch          Hex            0%         N/A       100%        3
 Dispel Undead            Necr           0%         3d6       100%        4


Dungeon Overview and Level Annotations

Branches:
Dungeon (3/15)

Altars:

Shops:
D:1 =


Innate Abilities, Weirdness & Mutations

Your natural rate of healing is accelerated.
You have razor-sharp teeth.
You have supernaturally acute eyesight. (SInv)
You are afflicted with vampirism and can become a bat while bloodless.


Message History

The rat twitches its whiskers.
The orc closely misses you. x2
You barely miss the orc.
The orc is heavily wounded.
You block the orc's attack.
The orc priest calls upon Beogh to heal the orc.
The orc's wounds heal themselves!
The orc hits you with a +0 dagger.
The orc hits you from afar with a +0 trident.
You hit the orc. Your bite misses the orc.
The orc is almost dead.
The orc hits you but does no damage.
The orc priest looks braver for a moment.
The orc hits you but does no damage. The orc barely misses you.
You barely miss the orc.
The orc is almost dead.
The rat bites you but does no damage. The orc barely misses you.
You block the orc's attack.
The orc priest hits you with a +0 dagger.
The orc closely misses you.
You hit the orc.
You kill the orc!
The orc hits you but does no damage. The rat bites you but does no damage.
You block the orc's attack.
The orc priest mumbles some strange prayers to Beogh against you.
Beogh smites you!
* * * LOW HITPOINT WARNING * * *
You hit the orc priest.
The orc priest is moderately wounded.
You block the orc's attack. The rat misses you.
The orc priest hits you with a +0 dagger.
* * * LOW HITPOINT WARNING * * *
The orc barely misses you.
You puncture the orc priest!
The orc priest is almost dead.
The orc hits you but does no damage. The rat misses you.
The orc hits you with a +0 dagger.
* * * LOW HITPOINT WARNING * * *
The orc priest calls down the wrath of Beogh upon you.
Pain shoots through your body!
You die...

######........#######
..............'......
######........#######
#.............[. ..
#............... o..
#........#######
....######......†........
......or).........#######
.......o@...##.#<.......#
.......o)...##.########.#
##.$........##.#
######.#.#.##. #.#.#.#
#.#.#.# #.#.#.# #.#.#.#
#.#.#.#


You could see an orc priest, 2 orcs and a rat.

Vanquished Creatures
  Sigmund (D:3)
  2 adders (D:2)
  2 worms (D:3)
  2 dart slugs
  2 orcs (D:3)
  3 ball pythons (D:2)
  4 bats
  2 endoplasms (D:1)
  A giant cockroach (D:2)
  3 goblins
  4 hobgoblins
  2 quokkas (D:1)
  4 frilled lizards
  4 kobolds
  5 rats
41 creatures vanquished.

Notes
Turn   | Place    | Note
-------+----------+-------------------------------------------
     0 | D:1      | Mickster the Vampire Fighter began the quest for the Orb.
     0 | D:1      | Reached XP level 1. HP: 17/17 MP: 1/1
    60 | D:1      | Found a faded altar of an unknown god.
   328 | D:1      | Reached XP level 2. HP: 18/24 MP: 2/2
   516 | D:1      | Found Ofosmol's Jewellery Boutique.
   837 | D:2      | Learned a level 1 spell: Kiss of Death
  1051 | D:2      | Gained mutation: You are afflicted with vampirism and can
                  | become a bat while bloodless. [Vampire growth]
  1051 | D:2      | Reached XP level 3. HP: 28/29 MP: 3/3
  1440 | D:2      | Reached skill level 3 in Short Blades
  1833 | D:3      | Noticed Sigmund
  1848 | D:3      | Reached XP level 4. HP: 22/35 MP: 4/4
  1860 | D:3      | Killed Sigmund
  1861 | D:3      | Reached skill level 4 in Short Blades
  1861 | D:3      | Reached skill level 1 in Dodging
  1861 | D:3      | Reached XP level 5. HP: 19/41 MP: 5/5
  1867 | D:3      | Killed from afar by an orc priest

Illustrated notes

Levels and vault maps discovered:
D:1:      minmay_arrival_cross, layout_basic, serial_shops, nicolae_shop_stone,
          hellmonk_ecumenical_altar_run_dry
D:2:      layout_basic
D:3:      layout_basic, minitemple, nicolae_shop_vocational, uniq_grinder,
          uniq_sigmund

Skill      XL: |  1  2  3  4 |
---------------+-------------+-----
Fighting       | 3 |  3.4
Shields        | 3 |  3.3
Short Blades   | 3 4 |  4.6
Armour         | 3 |  3.2
Dodging        | 1 |  1.1
Stealth        | |  0.5

Action                     |  1- 3 |  4- 6 || total
---------------------------+-------+-------++-------
  Melee: Rapier            |   136 |    13 ||   149
         Bite              |     9 |       ||     9
    Use: Potion            |     6 |       ||     6
         Scroll            |     2 |       ||     2
 Armour: Scale mail        |    48 |       ||    48
         Chain mail        |    11 |     9 ||    20
  Dodge: Dodged            |    78 |    14 ||    92
  Block: Buckler           |    35 |     7 ||    42

Table legend: (Time is in decaauts)
 A = Elapsed time spent in this place.
 B = Non-inter-level travel time spent in this place.
 C = Inter-level travel time spent in this place.
 D = Time resting spent in this place.
 E = Time spent auto-exploring this place.
 F = Levels seen in this place.
 G = Mean time per level.
                   A        B        C        D        E       F      G
               +--------+--------+--------+--------+--------+-----+--------+
         Total |   1893 |   1893 |      0 |    276 |      0 |   3 |  631.0 |
       Dungeon |   1893 |   1893 |      0 |    276 |      0 |   3 |  631.0 |
               +--------+--------+--------+--------+--------+-----+--------+

Top non-repeatable levels by time:
     D:2: 1013 daAuts
     D:1: 734 daAuts
     D:3: 145 daAuts
